 Dungeon Crawl Stone Soup version 0.27-a0-972-gd1521fd518 (webtiles) character file.

Game seed: 8437727200322175852

61 Morbidden the Conjurer (level 4, -1/22 HPs)
             Began as a Vine Stalker Conjurer on Apr 14, 2021.
             Slain by a kobold brigand
             ... wielding a +0 dagger
              (6 damage)
             ... in a sewer.
             The game lasted 00:01:48 (2528 turns).

Morbidden the Conjurer (Vine Stalker Conjurer)      Turns: 2528, Time: 00:01:49

Health: -1/22      AC:  2    Str: 10    XL:     4   Next: 7%
Magic:  0/8        EV: 12    Int: 19    God:
Gold:   91         SH:  0    Dex: 12    Spells: 5/8 levels left

rFire    . . .     SeeInvis .   (no weapon)
rCold    . . .     Faith    .   (no shield)
rNeg     . . .     Spirit   +   a - +0 robe
rPois    .         Reflect  .   (no helmet)
rElec    .         Harm     .   (no cloak)
rCorr    .         Rampage  .   (no gloves)
Will     .....                  (no boots)
Stlth    +.........             (no amulet)
HPRegen  1.07/turn              (no ring)
MPRegen  0.11/turn              (no ring)

@: slowed, very slow
A: fangs 2, regeneration 1, magic shield, antimagic bite, no potion heal 2
a: no special abilities


You were in a sewer.
You visited 1 branch of the dungeon, and saw 3 of its levels.
You also visited: Sewer.

You collected 91 gold pieces.

Inventory:

Armour
 a - a +0 robe (worn)
Scrolls
 i - 2 scrolls of fog {unknown}
 j - a scroll of fear {unknown}
 k - a scroll of noise
Potions
 b - a potion of attraction {unknown}
 d - a potion of resistance {unknown}
 h - a potion of curing


   Skills:
 * Level 1.2 Fighting
 + Level 1.5 Dodging
 + Level 2.4 Stealth
 * Level 2.5 Spellcasting
 * Level 5.0 Conjurations


You had 5 spell levels left.
You knew the following spells:

 Your Spells              Type           Power      Damage    Failure   Level
a - Magic Dart            Conj           84%        1d7       1%          1
b - Searing Ray           Conj           42%        3d4       3%          2

Your spell library contained the following spells:

 Spells                   Type           Power      Damage    Failure   Level
 Dazzling Flash           Conj/Hex       24%        N/A       17%         3
 Fulminant Prism          Conj/Hex       6%         3d7       50%         4
 Iskenderun's Mystic Bla  Conj/Tloc      12%        2d5       50%         4


Dungeon Overview and Level Annotations

Branches:
Dungeon (3/15)              Sewer (1/1)

Altars:

Shops:
D:2 ?


Innate Abilities, Weirdness & Mutations

You have extremely sharp teeth.
Your natural rate of healing is unusually fast.
When hurt, damage is shared between your health and your magic reserves.
Your bite disrupts and absorbs the magic of your enemies.
Potions cannot restore your health.


Message History

The kobold brigand closely misses you.
The searing ray hits the kobold brigand.
The kobold brigand is moderately wounded.
The kobold brigand hits you with a +0 dagger.
* * * LOW HITPOINT WARNING * * *
Unknown command.
The searing ray hits the kobold brigand.
The kobold brigand is heavily wounded.
The kobold brigand hits you with a +0 dagger.
* * * LOW HITPOINT WARNING * * *
The kobold brigand hits you with a +0 dagger.
* * * LOW HITPOINT WARNING * * *
Unknown command.
Unknown command.
Unknown command.
Okay, then.
Unknown command.
You closely miss the kobold brigand.
The kobold brigand is heavily wounded.
The kobold brigand hits you with a +0 dagger.
* * * LOW HITPOINT WARNING * * *
Unknown command.
You hit the kobold brigand but do no damage.
You bite the kobold brigand. You drain its power.
You feel invigorated.
The kobold brigand is heavily wounded.
The kobold brigand hits you with a +0 dagger.
* * * LOW HITPOINT WARNING * * *
The kobold brigand closely misses you.
Unknown command.
Your unstable footing causes you to fumble your attack.
The kobold brigand misses you.
Unknown command.
You barely miss the kobold brigand.
The kobold brigand is heavily wounded.
The kobold brigand hits you but does no damage.
The kobold brigand closely misses you.
Unknown command.
Your unstable footing causes you to fumble your attack.
The kobold brigand hits you with a +0 dagger.
You die...

##### .#### ≈≈≈.#######
≈≈≈≈.≈ #≈≈.≈≈≈.## .≈≈≈.≈
### #@≈≈≈.≈≈.# #...≈.
K≈≈≈≈###K≈...≈≈.####≈≈≈.≈
#≈≈.≈.####.≈..##≈≈.≈≈.
.≈J≈.##### ##..≈......≈≈
### ##≈≈.≈.≈≈...
#.≈≈≈..≈... #..≈≈≈..∩.∩
#≈≈.≈≈≈≈... #≈≈.≈≈....≈


You could see a kobold brigand.

Vanquished Creatures
  3 adders (D:2)
  A worm (D:2)
  A dart slug (D:3)
  2 endoplasms (D:2)
  2 giant cockroaches
  2 goblins (D:2)
  2 hobgoblins (D:1)
  2 jackals (D:1)
  2 kobolds (D:2)
  4 ball pythons
  A bat (D:1)
  2 frilled lizards
  6 rats
30 creatures vanquished.

Notes
Turn   | Place    | Note
-------+----------+-------------------------------------------
     0 | D:1      | Morbidden the Vine Stalker Conjurer began the quest for the
                  | Orb.
     0 | D:1      | Reached XP level 1. HP: 9/9 MP: 4/4
   171 | D:1      | Found a faded altar of an unknown god.
   290 | D:1      | Reached XP level 2. HP: 13/13 MP: 0/6
  1176 | D:2      | Found Muusuu's Magic Scroll Boutique.
  1537 | D:2      | Reached XP level 3. HP: 16/17 MP: 1/7
  1987 | D:2      | Reached skill level 1 in Fighting
  2122 | D:2      | Reached skill level 5 in Conjurations
  2416 | D:3      | Found a glowing drain.
  2420 | D:3      | Gained mutation: Your natural rate of healing is unusually
                  | fast. [Vine Stalker growth]
  2420 | D:3      | Reached XP level 4. HP: 22/22 MP: 4/8
  2433 | D:3      | Learned a level 2 spell: Searing Ray
  2492 | Sewer    | Entered a sewer
  2512 | Sewer    | Noticed a kobold brigand
  2525 | Sewer    | HP: 1/22 [kobold brigand/+0 dagger (3)]
  2528 | Sewer    | Slain by a kobold brigand

Illustrated notes

Levels and vault maps discovered:
D:1:      dpeg_arrival_erosion, layout_basic, ebering_ecumenical_altar_webs,
          patterned_corridor
D:2:      layout_basic, serial_shops, shop
D:3:      layout_loops_cross, portal_sewer_entry_a, minmay_gold_behind_fungi
Sewer:    sewer_co_tree

Skill      XL: |  1  2  3 |
---------------+----------+-----
Fighting       | 1 |  1.2
Conjurations   | 5 |  5.0
Dodging        | |  1.5
Stealth        | |  2.4
Spellcasting   | |  2.5

Action                   |  1- 3 |  4- 6 || total
-------------------------+-------+-------++-------
Melee: Unarmed           |     9 |     5 ||    14
       Bite              |     3 |     1 ||     4
 Cast: Magic Dart        |    58 |     4 ||    62
       Searing Ray       |       |     1 ||     1
  Use: Scroll            |     4 |       ||     4
       Potion            |       |     1 ||     1
Armor: Robe              |     3 |     1 ||     4
Dodge: Dodged            |    11 |     4 ||    15

Table legend: (Time is in decaauts)
 A = Elapsed time spent in this place.
 B = Non-inter-level travel time spent in this place.
 C = Inter-level travel time spent in this place.
 D = Time resting spent in this place.
 E = Time spent auto-exploring this place.
 F = Levels seen in this place.
 G = Mean time per level.
                   A        B        C        D        E       F      G
               +--------+--------+--------+--------+--------+-----+--------+
         Total |   2539 |   2444 |     95 |     62 |   2209 |   4 |  634.8 |
       Dungeon |   2492 |   2397 |     95 |     55 |   2188 |   3 |  830.7 |
         Sewer |     47 |     47 |      0 |      7 |     21 |   1 |   47.0 |
               +--------+--------+--------+--------+--------+-----+--------+

Top non-repeatable levels by time:
     D:2: 1206 daAuts
     D:1: 1175 daAuts
     D:3: 110 daAuts
   Sewer: 47 daAuts
